 Dungeon Crawl Stone Soup version 0.18-a0-117-g77bb7e1 (webtiles) character file.

86 Proton the Shield-Bearer (level 4, -1/37 HPs)
             Began as a Formicid Fighter on Nov 18, 2015.
             Slain by an adder (2 damage)
             ... on level 2 of the Dungeon.
             The game lasted 00:02:25 (1478 turns).

Proton the Shield-Bearer (Formicid Fighter)         Turns: 1478, Time: 00:02:25

Health: -1/37      AC:  9    Str: 22    XL:     4   Next: 77%
Magic:  4/4        EV:  6    Int:  7    God:
Gold:   97         SH:  9    Dex: 10    Spells: 0 memorised, 3 levels left

rFire  . . .     SeeInvis +     a - +0 long sword
rCold  . . .     Clarity  .     f - +0 chain mail
rNeg   . . .     SustAt   .     c - +0 shield
rPois  .         Gourm    .     (helmet unavailable)
rElec  .         Spirit   .     (no cloak)
rCorr  .         Warding  .     (no gloves)
rMut   .         Stasis   +     (no boots)
MR     .....                    b - amulet of inaccuracy (curse)
Stlth  ..........               (no ring)
                                (no ring)

@: lethally poisoned (-1 -> -5), not resistant to hostile enchantments,
extremely unstealthy
A: permanent stasis, dig shafts and tunnels, four strong arms, antennae 3
a: Dig, Shaft Self


You were on level 2 of the Dungeon.
You were near starving.

You visited 1 branch of the dungeon, and saw 2 of its levels.

You collected 97 gold pieces.

Inventory:

Hand Weapons
 a - a +0 long sword (weapon)
Armour
 c - a +0 shield (worn)
 f - a +0 chain mail (worn)
Jewellery
 b - a cursed amulet of inaccuracy (around neck)
Scrolls
 g - a scroll of amnesia {unknown}
Potions
 d - a potion of might
Comestibles
 e - a bread ration
 h - 4 fruits


   Skills:
 + Level 3.8 Fighting
 + Level 2.8 Long Blades
 + Level 3.7 Armour
 + Level 1.3 Dodging
 + Level 4.2 Shields


You had 3 spell levels left.
You didn't know any spells.

Dungeon Overview and Level Annotations

Branches:
Dungeon (2/15)

Altars:


Innate Abilities, Weirdness & Mutations

You are under a permanent stasis effect.
You can dig through walls and to a lower floor.
Your four strong arms can wield two-handed weapons with a shield.
You have a pair of large antennae on your head (SInv).


Message History

The adder poisons you! The adder bites you but does no damage.
You hit the adder.
The adder is lightly wounded.
* * * LOW HITPOINT WARNING * * *
You feel sick. You block the adder's attack.
The adder bites you but does no damage.
You slash the adder!
The adder is severely wounded.
* * * LOW HITPOINT WARNING * * *
You feel sick. The adder barely misses you.
Your shield and chain mail prevent you from hitting the adder.
The adder is severely wounded.
* * * LOW HITPOINT WARNING * * *
You feel sick. The adder bites you but does no damage. The adder bites you.
* * * LOW HITPOINT WARNING * * *
You miss the adder.
The adder is severely wounded.
* * * LOW HITPOINT WARNING * * *
You feel sick. The adder closely misses you. The adder bites you.
You die...

#.## ####.. #.# #.. #†#
♣.. #.# # ♣♣P ###.# #
##.## ..#.######...#
##..... #......†......
.......
###.######...####.......
#.# ##.@S..#
#.###########.....#
#.#....†..........#
#.#.#####.###.....#
#.#.# #............
#...# #.#####.####.
###.# #.# .# . #.# #.#
.# #.. ..# ..


You could see an adder.

Vanquished Creatures
  Ijyb (D:2)
  An adder (D:2)
  2 worms (D:2)
  A giant cockroach (D:2)
  6 hobgoblins
  4 jackals (D:2)
  A quokka (D:2)
  7 bats
  2 giant newts
  3 goblins
  9 kobolds
  5 rats (D:1)
42 creatures vanquished.

Notes
Turn   | Place    | Note
--------------------------------------------------------------
     0 | D:1      | Proton the Formicid Fighter began the quest for the Orb.
     0 | D:1      | Reached XP level 1. HP: 18/18 MP: 1/1
   181 | D:1      | Reached XP level 2. HP: 24/24 MP: 2/2
   906 | D:2      | Reached XP level 3. HP: 28/30 MP: 3/3
   993 | D:2      | Reached skill level 4 in Shields
  1136 | D:2      | Noticed Ijyb
  1176 | D:2      | Killed Ijyb
  1176 | D:2      | Reached skill level 1 in Dodging
  1176 | D:2      | Reached XP level 4. HP: 37/37 MP: 4/4
  1478 | D:2      | HP: 1/37 [poisoned by an adder]
  1478 | D:2      | Slain by an adder

Vault maps used:
D:1:      dpeg_arrival_arbitrary_b, st_stairs_13
D:2:      uniq_crazy_yiuf_cottage, uniq_iyjb

Action                   |  1- 3 |  4- 6 || total
-------------------------+-------+-------++-------
Melee: Long sword        |   244 |   156 ||   400
  Use: Scroll            |     2 |       ||     2
       Potion            |     2 |       ||     2
  Eat: Beef jerky        |       |     1 ||     1
